Coyotes vs Sharks
Created - 11 novembre 2014 at 19:00
Goals
|
| Coyotes |
0 |
0 |
2 |
2 |
| Sharks |
0 |
1 |
0 |
1 |
|
Shots
|
| Coyotes |
0 |
14 |
20 |
34 |
| Sharks |
5 |
10 |
9 |
24 |
|
1st period
No Goal
Penalties :
Daniel Alfredsson (SJS) for Hooking (Minor) at 2:39
2nd period
1. Sharks , Ted Purcell 8 (Antoine Vermette) at 6:19
Penalties :
Marian Gaborik (Ari) for Cross-checking (Minor) at 0:13, Alex Pietrangelo (SJS) for Goalie Interference (Minor) at 3:19, Johnny Boychuk (SJS) for Roughing (Minor) at 6:28, Kyle Wellwood (SJS) for Holding (Minor) at 10:43, David Legwand (SJS) for Hooking (Minor) at 16:46
3rd period
2. Coyotes , Marian Gaborik 11 (Tim Connolly) at 6:25 (PP)
3. Coyotes , Boyd Devereaux 3 (Erik Cole, Sami Kapanen) at 9:03
Penalties :
Kyle Wellwood (SJS) for Roughing (Minor) at 6:12, David Legwand (SJS) for Tripping (Minor) at 6:48, David Legwand (SJS) for Hooking (Minor) at 10:43, Anton Stralman (Ari) for Hooking (Minor) at 15:08, Niklas Sundstrom (SJS) for High sticking (Minor) at 18:26
Goalie Stats
Ryan Miller (Ari), 23 saves from 24 shots - (0,958), W, 10-4-3, 60:00 minutes
Tyler Weiman (SJS), 32 saves from 34 shots - (0,941), L, 7-11-0, 60:00 minutes
Players Stats for Coyotes
Player Name G A P +/- PIM S H SB GA TA FO MP PP MP PK MP
------------------------------------------------------------------------------------
Adrian Aucoin 0 0 0 -1 0 0 1 0 0 0 0/0 12:48 0:15 0:52
Anton Stralman 0 0 0 0 2 2 4 1 1 1 0/0 24:13 9:40 0:53
Boyd Devereaux 1 0 1 1 0 3 1 1 0 0 4/6 12:42 0:00 1:39
Brian Rafalski 0 0 0 0 0 2 2 0 0 0 0/0 18:39 5:59 0:00
Chad Larose 0 0 0 1 0 1 0 0 0 0 0/1 13:04 0:00 2:02
Chris Stewart 0 0 0 0 0 3 2 0 0 0 0/0 18:13 7:51 0:00
Denis Grebeshkov 0 0 0 0 0 3 2 1 0 2 0/0 26:46 9:25 1:45
Drew Miller 0 0 0 -1 0 1 1 0 0 0 1/3 13:24 0:00 2:06
Erik Christensen 0 0 0 0 0 2 2 0 0 0 2/6 15:53 7:48 0:13
Erik Cole 0 1 1 1 0 1 4 0 0 0 0/0 12:20 0:00 1:20
Frans Nielsen 0 0 0 0 0 7 1 0 0 0 6/12 18:14 7:51 0:00
Jiri Fischer 0 0 0 0 0 0 1 0 0 0 0/0 16:10 0:00 2:13
Kurt Sauer 0 0 0 0 0 1 0 1 1 0 0/0 14:17 0:00 2:13
Marian Gaborik 1 0 1 -1 2 4 1 0 0 2 0/0 19:01 7:48 0:00
Sami Kapanen 0 1 1 1 0 2 4 0 0 0 0/0 14:47 5:59 0:00
Shawn Thornton 0 0 0 0 0 0 5 0 0 0 0/0 8:27 0:00 0:36
Tim Connolly 0 1 1 -1 0 1 0 0 1 2 16/25 18:50 7:48 0:00
Tyler Ennis 0 0 0 0 0 1 1 0 1 0 1/1 18:12 7:51 0:00
Players Stats for Sharks
Player Name G A P +/- PIM S H SB GA TA FO MP PP MP PK MP
------------------------------------------------------------------------------------
Adam Mair 0 0 0 0 0 0 1 1 0 0 1/1 7:29 0:00 1:19
Alex Pietrangelo 0 0 0 0 2 3 0 2 1 0 0/0 16:37 1:51 0:00
Antoine Vermette 0 1 1 0 0 1 0 2 0 0 4/7 14:47 1:47 0:00
Brandon Yip 0 0 0 0 0 1 3 0 0 0 1/1 9:59 0:07 0:00
Curtis Glencross 0 0 0 0 0 0 1 0 1 0 0/0 9:15 0:00 3:10
Daniel Alfredsson 0 0 0 0 2 1 1 2 0 1 0/0 17:19 2:04 3:54
Dany Heatley 0 0 0 0 0 2 1 1 2 0 6/13 22:39 2:11 8:51
David Hale 0 0 0 -1 0 1 1 1 0 0 0/0 20:35 0:00 6:25
David Legwand 0 0 0 0 6 5 0 1 0 0 8/23 18:56 2:04 5:17
Francis Bouillon 0 0 0 0 0 0 0 0 0 0 0/0 19:35 2:07 6:25
Johnny Boychuk 0 0 0 0 2 0 0 4 0 1 0/0 15:57 2:07 0:00
Kyle Wellwood 0 0 0 0 4 1 2 0 1 0 3/7 13:30 0:07 3:45
Lasse Kukkonen 0 0 0 1 0 2 2 0 0 1 0/0 26:50 1:51 9:14
Markus Naslund 0 0 0 0 0 2 4 1 0 0 0/0 15:23 1:47 0:34
Martin Samuelsson 0 0 0 0 0 2 0 0 0 0 0/1 14:06 0:00 4:28
Niklas Sundstrom 0 0 0 0 2 0 1 0 0 0 0/0 5:52 0:00 0:00
Shaone Morrisonn 0 0 0 0 0 1 5 0 0 1 0/0 20:33 0:00 9:14
Ted Purcell 1 0 1 0 0 2 3 0 2 0 1/1 14:50 1:47 0:00
3 Stars
1 - Ryan Miller (Ari)
2 - Boyd Devereaux (Ari)
3 - Ted Purcell (SJS)
Power Play
Coyotes - 1 on 9 Attempt(s) - 11,11%
Sharks - 0 on 2 Attempt(s) - 0,00%
Penalty Kill
Coyotes - 2 on 2 Attempt(s) - 100,00%
- Score 0 goal in Penalty Kill
Sharks - 8 on 9 Attempt(s) - 88,89%
- Score 0 goal in Penalty Kill
Official
Referees : Fraser Kerry and Meier Brad
Linesman : Mark Pare and Mark Wheler
Game Notes
No Game Note
Finance
Level 1 -- Attendance: 4719 (78,65%) -- Ticket Income 424 710 $
Level 2 -- Attendance: 3539 (70,78%) -- Ticket Income 212 340 $
Level 3 -- Attendance: 1233 (61,65%) -- Ticket Income 49 320 $
Level 4 -- Attendance: 3553 (88,83%) -- Ticket Income 71 060 $
Luxury Box -- Attendance: 687 (68,70%) -- Ticket Income 123 660 $
Game was played at the Hockey Place Center
Total Attendance: 13731 (76,28%)
Total Ticket Income: 881 090 $
Other Income: 132 164 $
Total Income: 1 013 254 $
Coyotes
5 vs 5 Forward
Center Left Wing Right Wing Time % Phy DF OF
1 Tim Connolly Drew Miller Marian Gaborik 34 1 1 3
2 Frans Nielsen Tyler Ennis Chris Stewart 30 1 1 3
3 Boyd Devereaux Erik Cole Chad Larose 24 2 2 1
4 Erik Christensen Shawn Thornton Sami Kapanen 12 2 1 2
5 vs 5 Defense
Defense Defense Time % Phy DF OF
1 Denis Grebeshkov Jiri Fischer 38 1 1 3
2 Kurt Sauer Anton Stralman 34 1 2 2
3 Adrian Aucoin Brian Rafalski 27 2 1 2
4 Kurt Sauer Denis Grebeshkov 1 1 1 3
PowerPlay Forward
Center Left Wing Right Wing Time % Phy DF OF
1 Tim Connolly Erik Christensen Marian Gaborik 55 1 0 4
2 Frans Nielsen Tyler Ennis Chris Stewart 45 1 0 4
PowerPlay Defense
Defense Defense Time % Phy DF OF
1 Denis Grebeshkov Anton Stralman 55 0 1 4
2 Brian Rafalski Sami Kapanen 45 1 0 4
Penalty Kill 4 Players Forward
Center Wing Time % Phy DF OF
1 Drew Miller Chad Larose 56 1 3 1
2 Boyd Devereaux Erik Cole 44 1 3 1
Penalty Kill 4 Players Defense
Defense Defense Time % Phy DF OF
1 Kurt Sauer Jiri Fischer 56 1 4 0
2 Anton Stralman Denis Grebeshkov 44 1 4 0
Penalty Kill - 3 Players Forward
Forward Time % Phy DF OF
1 Drew Miller 53 0 5 0
2 Chad Larose 47 0 5 0
Penalty Kill - 3 Players Defense
Defense Defense Time % Phy DF OF
1 Jiri Fischer Kurt Sauer 53 1 4 0
2 Adrian Aucoin Denis Grebeshkov 47 1 4 0
4 vs 4 Forward
Center Wing Time % Phy DF OF
1 Tim Connolly Marian Gaborik 52 0 1 4
2 Frans Nielsen Drew Miller 48 0 2 3
4 vs 4 Defense
Defense Defense Time % Phy DF OF
1 Kurt Sauer Brian Rafalski 52 1 2 2
2 Denis Grebeshkov Jiri Fischer 48 1 2 2
Last Minutes Offensive
Center Left Wing Right Wing Defense Defense
Tim Connolly Tyler Ennis Marian Gaborik Denis Grebeshkov Anton Stralman
Last Minutes Defensive
Center Left Wing Right Wing Defense Defense
Boyd Devereaux Drew Miller Chad Larose Kurt Sauer Jiri Fischer
Goaltenders
Starting : Ryan Miller
Backup : Marc Denis
Extra Forwards
Normal : Marian Gaborik, Tyler Ennis, Chris Stewart - PP : Marian Gaborik, Chris Stewart - PK : Drew Miller
Extra Defensemen
Normal : Denis Grebeshkov, Kurt Sauer, Anton Stralman - PP : Denis Grebeshkov - PK : Jiri Fischer, Kurt Sauer
Penalty Shots
Marian Gaborik, Tyler Ennis, Boyd Devereaux, Drew Miller, Tim Connolly
Sharks
5 vs 5 Forward
Center Left Wing Right Wing Time % Phy DF OF
1 David Legwand Dany Heatley Daniel Alfredsson 40 1 2 2
2 Antoine Vermette Markus Naslund Ted Purcell 30 1 2 2
3 Kyle Wellwood Martin Samuelsson Brandon Yip 20 1 2 2
4 Adam Mair Curtis Glencross Niklas Sundstrom 10 1 3 1
5 vs 5 Defense
Defense Defense Time % Phy DF OF
1 Lasse Kukkonen Alex Pietrangelo 40 1 3 1
2 David Hale Johnny Boychuk 30 1 3 1
3 Francis Bouillon Shaone Morrisonn 20 1 3 1
4 Lasse Kukkonen Johnny Boychuk 10 1 3 1
PowerPlay Forward
Center Left Wing Right Wing Time % Phy DF OF
1 David Legwand Dany Heatley Daniel Alfredsson 60 1 1 3
2 Antoine Vermette Markus Naslund Ted Purcell 40 1 1 3
PowerPlay Defense
Defense Defense Time % Phy DF OF
1 Lasse Kukkonen Alex Pietrangelo 60 1 2 2
2 Johnny Boychuk Francis Bouillon 40 1 2 2
Penalty Kill 4 Players Forward
Center Wing Time % Phy DF OF
1 Dany Heatley David Legwand 60 1 3 1
2 Kyle Wellwood Daniel Alfredsson 40 1 3 1
Penalty Kill 4 Players Defense
Defense Defense Time % Phy DF OF
1 Lasse Kukkonen Shaone Morrisonn 60 1 4 0
2 David Hale Francis Bouillon 40 1 4 0
Penalty Kill - 3 Players Forward
Forward Time % Phy DF OF
1 Dany Heatley 60 1 4 0
2 Kyle Wellwood 40 1 4 0
Penalty Kill - 3 Players Defense
Defense Defense Time % Phy DF OF
1 Lasse Kukkonen Shaone Morrisonn 60 1 4 0
2 David Hale Francis Bouillon 40 1 4 0
4 vs 4 Forward
Center Wing Time % Phy DF OF
1 Dany Heatley David Legwand 60 1 2 2
2 Antoine Vermette Daniel Alfredsson 40 1 2 2
4 vs 4 Defense
Defense Defense Time % Phy DF OF
1 Lasse Kukkonen Alex Pietrangelo 60 1 3 1
2 David Hale Johnny Boychuk 40 1 3 1
Last Minutes Offensive
Center Left Wing Right Wing Defense Defense
David Legwand Dany Heatley Daniel Alfredsson Lasse Kukkonen Alex Pietrangelo
Last Minutes Defensive
Center Left Wing Right Wing Defense Defense
David Legwand Dany Heatley Daniel Alfredsson Lasse Kukkonen Shaone Morrisonn
Goaltenders
Starting : Tyler Weiman
Backup : Mike Brodeur
Extra Forwards
Normal : Kyle Wellwood, Brandon Yip, Martin Samuelsson - PP : Kyle Wellwood, Brandon Yip - PK : Martin Samuelsson
Extra Defensemen
Normal : Alex Pietrangelo, Shaone Morrisonn, David Hale - PP : Francis Bouillon - PK : Shaone Morrisonn, David Hale
Penalty Shots
Dany Heatley, David Legwand, Antoine Vermette, Daniel Alfredsson, Ted Purcell
% Time on Ice - Coyotes
Lines # - Real PCT - Wanted PCT - Time Play
Normal Forward
1 - 29% - 34% - 11:54
2 - 26% - 30% - 10:35
3 - 26% - 24% - 10:36
4 - 18% - 12% - 7:18
Normal Defense
1 - 38% - 38% - 15:19
2 - 32% - 34% - 13:07
3 - 28% - 27% - 11:15
4 - 2% - 1% - 0:42
PP Forward
1 - 50% - 55% - 7:48
2 - 50% - 45% - 7:51
PP Defense
1 - 62% - 55% - 9:40
2 - 38% - 45% - 5:59
PK Forward
1 - 66% - 56% - 2:38
2 - 34% - 44% - 1:20
PK Defense
1 - 56% - 56% - 2:13
2 - 44% - 44% - 1:45
PK3 Forward
1 - 0% - 53%
2 - 0% - 47%
PK3 Defense
1 - 0% - 53%
2 - 0% - 47%
44 Forward
1 - 0% - 52%
2 - 0% - 48%
44 Defense
1 - 0% - 52%
2 - 0% - 48%
Last Minute Offensive - 0:00
Last Minute Defensive - 0:00
Total
Forward - 60:00
Defense - 60:00
|
% Time on Ice - Sharks
Lines # - Real PCT - Wanted PCT - Time Play
Normal Forward
1 - 30% - 40% - 12:16
2 - 33% - 30% - 13:12
3 - 24% - 20% - 9:37
4 - 13% - 10% - 5:18
Normal Defense
1 - 40% - 40% - 16:09
2 - 33% - 30% - 13:14
3 - 22% - 20% - 8:52
4 - 5% - 10% - 2:08
PP Forward
1 - 55% - 60% - 2:11
2 - 45% - 40% - 1:47
PP Defense
1 - 47% - 60% - 1:51
2 - 53% - 40% - 2:07
PK Forward
1 - 70% - 60% - 11:01
2 - 30% - 40% - 4:38
PK Defense
1 - 59% - 60% - 9:14
2 - 41% - 40% - 6:25
PK3 Forward
1 - 0% - 60%
2 - 0% - 40%
PK3 Defense
1 - 0% - 60%
2 - 0% - 40%
44 Forward
1 - 0% - 60%
2 - 0% - 40%
44 Defense
1 - 0% - 60%
2 - 0% - 40%
Last Minute Offensive - 0:00
Last Minute Defensive - 0:00
Total
Forward - 60:00
Defense - 60:00
|
Play by Play
1st period
0:01 of 1st period - Tim Connolly wins face-off versus David Legwand in neutral zone.
0:11 of 1st period - Slapshot by Alex Pietrangelo.
0:11 of 1st period - Stopped by Ryan Miller without a rebound.
0:12 of 1st period - Frans Nielsen wins face-off versus Antoine Vermette in Coyotes zone.
0:12 of 1st period - Frans Nielsen is hit by Ted Purcell.
0:52 of 1st period - Slapshot by Martin Samuelsson.
0:52 of 1st period - Stopped by Ryan Miller without a rebound.
0:53 of 1st period - Erik Christensen wins face-off versus David Legwand in Coyotes zone.
1:04 of 1st period - Lasse Kukkonen is hit by Erik Christensen.
2:01 of 1st period - Slapshot by Denis Grebeshkov.
2:01 of 1st period - Shot Blocked by Antoine Vermette.
2:29 of 1st period - Wrist shot by Sami Kapanen.
2:29 of 1st period - Shot Misses the Net.
2:31 of 1st period - Slapshot by Denis Grebeshkov.
2:31 of 1st period - Shot Misses the Net.
2:33 of 1st period - Snap shot by Shawn Thornton.
2:33 of 1st period - Shot Misses the Net.
2:39 of 1st period - Minor Penalty to Daniel Alfredsson for Hooking.
2:40 of 1st period - Tim Connolly wins face-off versus Dany Heatley in Sharks zone.
3:05 of 1st period - Chris Stewart is hit by Shaone Morrisonn and loses puck.
3:14 of 1st period - Lasse Kukkonen is hit by Anton Stralman and loses puck.
3:57 of 1st period - Francis Bouillon is hit by Brian Rafalski and loses puck.
4:39 of 1st period - Penalty to Daniel Alfredsson is over, Daniel Alfredsson is back on ice.
4:45 of 1st period - Slapshot by David Legwand.
4:45 of 1st period - Stopped by Ryan Miller with a rebound.
5:01 of 1st period - David Hale is hit by Erik Cole and loses puck.
5:31 of 1st period - Brian Rafalski is hit by Niklas Sundstrom and loses puck.
5:51 of 1st period - Frans Nielsen is hit by Dany Heatley and loses puck.
6:02 of 1st period - Kyle Wellwood is hit by Boyd Devereaux and loses puck.
6:30 of 1st period - Boyd Devereaux is hit by Curtis Glencross and loses puck.
7:02 of 1st period - Kyle Wellwood is hit by Chris Stewart.
7:14 of 1st period - Daniel Alfredsson is hit by Adrian Aucoin and loses puck.
7:30 of 1st period - Ted Purcell is hit by Denis Grebeshkov and loses puck.
8:04 of 1st period - Chris Stewart is hit by Kyle Wellwood and loses puck.
8:36 of 1st period - Johnny Boychuk is hit by Shawn Thornton and loses puck.
8:45 of 1st period - Jiri Fischer is hit by Shaone Morrisonn.
9:09 of 1st period - David Hale is hit by Shawn Thornton and loses puck.
9:32 of 1st period - Alex Pietrangelo is hit by Shawn Thornton and loses puck.
9:43 of 1st period - Ted Purcell is hit by Sami Kapanen and loses puck.
10:00 of 1st period - Adrian Aucoin is hit by Lasse Kukkonen and loses puck.
10:24 of 1st period - Anton Stralman is hit by Shaone Morrisonn and loses puck.
10:37 of 1st period - Lasse Kukkonen is hit by Sami Kapanen and loses puck.
10:48 of 1st period - Sami Kapanen is hit by Markus Naslund and loses puck.
11:11 of 1st period - Brian Rafalski is hit by Ted Purcell and loses puck.
11:20 of 1st period - Alex Pietrangelo is hit by Shawn Thornton.
11:33 of 1st period - Lasse Kukkonen is hit by Shawn Thornton and loses puck.
11:40 of 1st period - Denis Grebeshkov is hit by Markus Naslund and loses puck.
11:49 of 1st period - Jiri Fischer is hit by Shaone Morrisonn and loses puck.
11:57 of 1st period - Icing by Jiri Fischer.
11:58 of 1st period - David Legwand wins face-off versus Erik Christensen in Coyotes zone.
12:05 of 1st period - Wrist shot by David Legwand.
12:05 of 1st period - Stopped by Ryan Miller without a rebound.
12:06 of 1st period - Tim Connolly wins face-off versus David Legwand in Coyotes zone.
12:17 of 1st period - Slapshot by Brian Rafalski.
12:17 of 1st period - Shot Blocked by Daniel Alfredsson.
13:11 of 1st period - Wrist shot by David Legwand.
13:11 of 1st period - Stopped by Ryan Miller with a rebound.
13:37 of 1st period - Frans Nielsen is hit by Shaone Morrisonn and loses puck.
13:52 of 1st period - Wrist shot by Dany Heatley.
13:52 of 1st period - Shot Misses the Net.
13:54 of 1st period - Wrist shot by Dany Heatley.
13:54 of 1st period - Deflect By Daniel Alfredsson.
13:54 of 1st period - Shot Misses the Net.
13:54 of 1st period - Puck is out of play.
13:55 of 1st period - Tim Connolly wins face-off versus Kyle Wellwood in Coyotes zone.
14:09 of 1st period - Snap shot by Alex Pietrangelo.
14:09 of 1st period - Shot Blocked by Anton Stralman.
14:11 of 1st period - Slapshot by Alex Pietrangelo.
14:11 of 1st period - Shot Blocked by Kurt Sauer.
19:25 of 1st period - Martin Samuelsson is hit by Anton Stralman and loses puck.
Goals for this period are 0 for Coyotes vs 0 for Sharks.
Shots for this period are 0 for Coyotes vs 5 for Sharks.
2nd period
0:01 of 2nd period - Tim Connolly wins face-off versus David Legwand in neutral zone.
0:13 of 2nd period - Minor Penalty to Marian Gaborik for Cross-checking.
0:14 of 2nd period - Drew Miller wins face-off versus David Legwand in Coyotes zone.
0:50 of 2nd period - Boyd Devereaux is hit by Markus Naslund and loses puck.
2:13 of 2nd period - Penalty to Marian Gaborik is over, Marian Gaborik is back on ice.
2:19 of 2nd period - Tyler Ennis is hit by Kyle Wellwood and loses puck.
2:24 of 2nd period - Wrist shot by Kyle Wellwood.
2:24 of 2nd period - Shot Misses the Net.
2:32 of 2nd period - Wrist shot by Kyle Wellwood.
2:32 of 2nd period - Stopped by Ryan Miller with a rebound.
2:46 of 2nd period - Wrist shot by Sami Kapanen.
2:46 of 2nd period - Shot Misses the Net.
3:19 of 2nd period - Minor Penalty to Alex Pietrangelo for Goalie Interference.
3:20 of 2nd period - Tim Connolly wins face-off versus Dany Heatley in Sharks zone.
3:47 of 2nd period - David Legwand is hit by Sami Kapanen.
3:51 of 2nd period - David Legwand is hit by Anton Stralman and loses puck.
5:19 of 2nd period - Penalty to Alex Pietrangelo is over, Alex Pietrangelo is back on ice.
5:30 of 2nd period - Jiri Fischer is hit by Adam Mair and loses puck.
5:58 of 2nd period - Slapshot by Brian Rafalski.
5:58 of 2nd period - Shot Blocked by Johnny Boychuk.
6:04 of 2nd period - Erik Cole is hit by Brandon Yip and loses puck.
6:19 of 2nd period - Snap shot by Ted Purcell.
6:19 of 2nd period - Goal by Ted Purcell - Coyotes : 0 - Sharks : 1.
6:20 of 2nd period - Tim Connolly wins face-off versus David Legwand in neutral zone.
6:28 of 2nd period - Minor Penalty to Johnny Boychuk for Roughing.
6:29 of 2nd period - Dany Heatley wins face-off versus Erik Christensen in Sharks zone.
6:43 of 2nd period - Snap shot by Tim Connolly.
6:43 of 2nd period - Stopped by Tyler Weiman with a rebound.
6:45 of 2nd period - Snap shot by Anton Stralman.
6:45 of 2nd period - Stopped by Tyler Weiman with a rebound.
6:58 of 2nd period - Icing by Denis Grebeshkov.
6:59 of 2nd period - Kyle Wellwood wins face-off versus Frans Nielsen in Coyotes zone.
7:00 of 2nd period - Snap shot by Daniel Alfredsson.
7:00 of 2nd period - Deflect By Anton Stralman.
7:00 of 2nd period - Shot Misses the Net.
7:00 of 2nd period - Puck is out of play.
7:01 of 2nd period - Tim Connolly wins face-off versus Dany Heatley in Coyotes zone.
7:01 of 2nd period - Tim Connolly is hit by David Hale.
7:12 of 2nd period - Francis Bouillon is hit by Erik Christensen.
7:45 of 2nd period - Icing by Anton Stralman.
7:46 of 2nd period - Frans Nielsen wins face-off versus Kyle Wellwood in Coyotes zone.
7:53 of 2nd period - Wrist shot by Frans Nielsen.
7:53 of 2nd period - Shot Misses the Net.
8:19 of 2nd period - Francis Bouillon is hit by Brian Rafalski and loses puck.
8:28 of 2nd period - Penalty to Johnny Boychuk is over, Johnny Boychuk is back on ice.
8:38 of 2nd period - Wrist shot by David Legwand.
8:38 of 2nd period - Shot Misses the Net.
8:40 of 2nd period - Slapshot by Markus Naslund.
8:40 of 2nd period - Stopped by Ryan Miller with a rebound.
8:42 of 2nd period - Snap shot by Markus Naslund.
8:42 of 2nd period - Shot Misses the Net.
8:44 of 2nd period - Slapshot by Lasse Kukkonen.
8:44 of 2nd period - Stopped by Ryan Miller with a rebound.
8:46 of 2nd period - Wrist shot by Alex Pietrangelo.
8:46 of 2nd period - Shot Blocked by Boyd Devereaux.
8:48 of 2nd period - Slapshot by Ted Purcell.
8:48 of 2nd period - Shot Misses the Net.
9:00 of 2nd period - Wrist shot by Tyler Ennis.
9:00 of 2nd period - Deflect By Frans Nielsen.
9:00 of 2nd period - Stopped by Tyler Weiman with a rebound.
9:02 of 2nd period - Snap shot by Brian Rafalski.
9:02 of 2nd period - Stopped by Tyler Weiman without a rebound.
9:03 of 2nd period - Kyle Wellwood wins face-off versus Frans Nielsen in Sharks zone.
9:08 of 2nd period - Wrist shot by Alex Pietrangelo.
9:08 of 2nd period - Shot Hit the Post.
9:10 of 2nd period - Wrist shot by Brandon Yip.
9:10 of 2nd period - Shot Misses the Net.
9:14 of 2nd period - Wrist shot by Alex Pietrangelo.
9:14 of 2nd period - Stopped by Ryan Miller with a rebound.
9:16 of 2nd period - Slapshot by Alex Pietrangelo.
9:16 of 2nd period - Shot Misses the Net.
9:18 of 2nd period - Slapshot by Alex Pietrangelo.
9:18 of 2nd period - Shot Misses the Net.
10:43 of 2nd period - Minor Penalty to Kyle Wellwood for Holding.
10:44 of 2nd period - Dany Heatley wins face-off versus Tim Connolly in Sharks zone.
11:14 of 2nd period - Snap shot by Daniel Alfredsson.
11:14 of 2nd period - Stopped by Ryan Miller without a rebound.
11:15 of 2nd period - Frans Nielsen wins face-off versus Martin Samuelsson in Coyotes zone.
12:43 of 2nd period - Penalty to Kyle Wellwood is over, Kyle Wellwood is back on ice.
12:50 of 2nd period - Ted Purcell is hit by Erik Cole and loses puck.
12:59 of 2nd period - Boyd Devereaux is hit by Ted Purcell.
13:11 of 2nd period - Shawn Thornton is hit by Lasse Kukkonen.
13:15 of 2nd period - Lasse Kukkonen is hit by Sami Kapanen and loses puck.
13:38 of 2nd period - Erik Cole is hit by Daniel Alfredsson and loses puck.
13:51 of 2nd period - Snap shot by Frans Nielsen.
13:51 of 2nd period - Stopped by Tyler Weiman without a rebound.
13:52 of 2nd period - Antoine Vermette wins face-off versus Frans Nielsen in Sharks zone.
14:02 of 2nd period - Snap shot by Ted Purcell.
14:02 of 2nd period - Shot Misses the Net.
14:04 of 2nd period - Snap shot by Ted Purcell.
14:04 of 2nd period - Shot Misses the Net.
14:06 of 2nd period - Snap shot by Shaone Morrisonn.
14:06 of 2nd period - Shot Misses the Net.
14:18 of 2nd period - Shaone Morrisonn is hit by Jiri Fischer and loses puck.
14:47 of 2nd period - Wrist shot by Anton Stralman.
14:47 of 2nd period - Deflect By Erik Cole.
14:47 of 2nd period - Stopped by Tyler Weiman with a rebound.
14:49 of 2nd period - Slapshot by Kurt Sauer.
14:49 of 2nd period - Stopped by Tyler Weiman without a rebound.
14:50 of 2nd period - Antoine Vermette wins face-off versus Drew Miller in Sharks zone.
14:59 of 2nd period - Snap shot by Alex Pietrangelo.
14:59 of 2nd period - Deflect By Anton Stralman.
14:59 of 2nd period - Stopped by Ryan Miller without a rebound.
15:00 of 2nd period - Antoine Vermette wins face-off versus Tim Connolly in Coyotes zone.
15:27 of 2nd period - Snap shot by Marian Gaborik.
15:27 of 2nd period - Shot Blocked by Markus Naslund.
15:29 of 2nd period - Slapshot by Marian Gaborik.
15:29 of 2nd period - Stopped by Tyler Weiman with a rebound.
15:31 of 2nd period - Snap shot by Marian Gaborik.
15:31 of 2nd period - Shot Blocked by Antoine Vermette.
15:33 of 2nd period - Wrist shot by Drew Miller.
15:33 of 2nd period - Shot Misses the Net.
15:48 of 2nd period - Icing by Ted Purcell.
15:49 of 2nd period - Frans Nielsen wins face-off versus Antoine Vermette in Sharks zone.
15:54 of 2nd period - Wrist shot by Frans Nielsen.
15:54 of 2nd period - Shot Misses the Net.
15:56 of 2nd period - Wrist shot by Frans Nielsen.
15:56 of 2nd period - Stopped by Tyler Weiman with a rebound.
16:00 of 2nd period - Wrist shot by Chris Stewart.
16:00 of 2nd period - Shot Misses the Net.
16:14 of 2nd period - Snap shot by Ted Purcell.
16:14 of 2nd period - Stopped by Ryan Miller without a rebound.
16:15 of 2nd period - David Legwand wins face-off versus Boyd Devereaux in Coyotes zone.
16:24 of 2nd period - Snap shot by Dany Heatley.
16:24 of 2nd period - Stopped by Ryan Miller without a rebound.
16:25 of 2nd period - David Legwand wins face-off versus Tim Connolly in Coyotes zone.
16:40 of 2nd period - Wrist shot by Marian Gaborik.
16:40 of 2nd period - Stopped by Tyler Weiman without a rebound.
16:41 of 2nd period - Frans Nielsen wins face-off versus David Legwand in Sharks zone.
16:44 of 2nd period - Slapshot by Tyler Ennis.
16:44 of 2nd period - Shot Blocked by David Legwand.
16:46 of 2nd period - Minor Penalty to David Legwand for Hooking.
16:47 of 2nd period - Dany Heatley wins face-off versus Tim Connolly in Sharks zone.
18:19 of 2nd period - Wrist shot by Shaone Morrisonn.
18:19 of 2nd period - Deflect By Brian Rafalski.
18:19 of 2nd period - Stopped by Ryan Miller with a rebound.
18:45 of 2nd period - Markus Naslund is hit by Anton Stralman and loses puck.
18:46 of 2nd period - Penalty to David Legwand is over, David Legwand is back on ice.
19:18 of 2nd period - Icing by David Hale.
19:19 of 2nd period - Erik Christensen wins face-off versus Kyle Wellwood in Sharks zone.
19:22 of 2nd period - Snap shot by Boyd Devereaux.
19:22 of 2nd period - Stopped by Tyler Weiman with a rebound.
19:24 of 2nd period - Snap shot by Boyd Devereaux.
19:24 of 2nd period - Stopped by Tyler Weiman without a rebound.
19:25 of 2nd period - Boyd Devereaux wins face-off versus David Legwand in Sharks zone.
19:26 of 2nd period - Slapshot by Adrian Aucoin.
19:26 of 2nd period - Shot Misses the Net.
19:28 of 2nd period - Wrist shot by Erik Cole.
19:28 of 2nd period - Shot Misses the Net.
19:30 of 2nd period - Snap shot by Brian Rafalski.
19:30 of 2nd period - Stopped by Tyler Weiman without a rebound.
19:31 of 2nd period - Tim Connolly wins face-off versus David Legwand in Sharks zone.
19:34 of 2nd period - Backhand shot by Drew Miller.
19:34 of 2nd period - Stopped by Tyler Weiman without a rebound.
19:35 of 2nd period - Tim Connolly wins face-off versus David Legwand in Sharks zone.
19:46 of 2nd period - Snap shot by Tim Connolly.
19:46 of 2nd period - Shot Misses the Net.
Goals for this period are 0 for Coyotes vs 1 for Sharks.
Shots for this period are 14 for Coyotes vs 10 for Sharks.
3rd period
0:01 of 3rd period - Tim Connolly wins face-off versus David Legwand in neutral zone.
0:26 of 3rd period - Chris Stewart is hit by Markus Naslund and loses puck.
0:45 of 3rd period - Off-side.
0:46 of 3rd period - Boyd Devereaux wins face-off versus Kyle Wellwood in neutral zone.
1:41 of 3rd period - Snap shot by Chad Larose.
1:41 of 3rd period - Shot Blocked by Alex Pietrangelo.
3:21 of 3rd period - Wrist shot by Frans Nielsen.
3:21 of 3rd period - Stopped by Tyler Weiman with a rebound.
3:23 of 3rd period - Wrist shot by Chris Stewart.
3:23 of 3rd period - Stopped by Tyler Weiman with a rebound.
3:25 of 3rd period - Wrist shot by Brian Rafalski.
3:25 of 3rd period - Shot Blocked by Johnny Boychuk.
3:41 of 3rd period - Sami Kapanen is hit by Brandon Yip.
4:18 of 3rd period - Antoine Vermette is hit by Erik Cole and loses puck.
4:33 of 3rd period - Wrist shot by Dany Heatley.
4:33 of 3rd period - Stopped by Ryan Miller with a rebound.
5:05 of 3rd period - Snap shot by Adam Mair.
5:05 of 3rd period - Shot Blocked by Denis Grebeshkov.
5:15 of 3rd period - Slapshot by Denis Grebeshkov.
5:15 of 3rd period - Stopped by Tyler Weiman with a rebound.
5:17 of 3rd period - Slapshot by Jiri Fischer.
5:17 of 3rd period - Shot Misses the Net.
5:19 of 3rd period - Slapshot by Denis Grebeshkov.
5:19 of 3rd period - Stopped by Tyler Weiman without a rebound.
5:20 of 3rd period - Boyd Devereaux wins face-off versus David Legwand in Sharks zone.
5:47 of 3rd period - Antoine Vermette is hit by Marian Gaborik.
6:12 of 3rd period - Minor Penalty to Kyle Wellwood for Roughing.
6:13 of 3rd period - Tim Connolly wins face-off versus Dany Heatley in Sharks zone.
6:23 of 3rd period - Wrist shot by Tim Connolly.
6:23 of 3rd period - Shot Misses the Net.
6:25 of 3rd period - Slapshot by Marian Gaborik.
6:25 of 3rd period - Goal by Marian Gaborik - Coyotes : 1 - Sharks : 1.
6:26 of 3rd period - Tim Connolly wins face-off versus David Legwand in neutral zone.
6:35 of 3rd period - Snap shot by Marian Gaborik.
6:35 of 3rd period - Stopped by Tyler Weiman with a rebound.
6:43 of 3rd period - Slapshot by Lasse Kukkonen.
6:43 of 3rd period - Stopped by Ryan Miller with a rebound.
6:48 of 3rd period - Minor Penalty to David Legwand for Tripping.
6:49 of 3rd period - Dany Heatley wins face-off versus Erik Christensen in Sharks zone.
8:48 of 3rd period - Penalty to David Legwand is over, David Legwand is back on ice.
8:55 of 3rd period - Snap shot by Antoine Vermette.
8:55 of 3rd period - Stopped by Ryan Miller with a rebound.
9:03 of 3rd period - Wrist shot by Boyd Devereaux.
9:03 of 3rd period - Goal by Boyd Devereaux - Coyotes : 2 - Sharks : 1.
9:04 of 3rd period - David Legwand wins face-off versus Boyd Devereaux in neutral zone.
9:08 of 3rd period - Icing by Denis Grebeshkov.
9:09 of 3rd period - Boyd Devereaux wins face-off versus David Legwand in Coyotes zone.
9:18 of 3rd period - Lasse Kukkonen is hit by Erik Cole and loses puck.
10:03 of 3rd period - Snap shot by Martin Samuelsson.
10:03 of 3rd period - Stopped by Ryan Miller with a rebound.
10:22 of 3rd period - Slapshot by Erik Christensen.
10:22 of 3rd period - Stopped by Tyler Weiman without a rebound.
10:23 of 3rd period - Adam Mair wins face-off versus Erik Christensen in Sharks zone.
10:28 of 3rd period - Slapshot by Erik Christensen.
10:28 of 3rd period - Shot Blocked by David Hale.
10:30 of 3rd period - Snap shot by Brian Rafalski.
10:30 of 3rd period - Shot Misses the Net.
10:32 of 3rd period - Slapshot by Adrian Aucoin.
10:32 of 3rd period - Deflect By Erik Christensen.
10:32 of 3rd period - Shot Blocked by Adam Mair.
10:32 of 3rd period - Puck is out of play.
10:33 of 3rd period - Tim Connolly wins face-off versus David Legwand in Sharks zone.
10:34 of 3rd period - Snap shot by Marian Gaborik.
10:34 of 3rd period - Shot Blocked by Johnny Boychuk.
10:36 of 3rd period - Wrist shot by Drew Miller.
10:36 of 3rd period - Shot Blocked by Dany Heatley.
10:38 of 3rd period - Slapshot by Adrian Aucoin.
10:38 of 3rd period - Shot Blocked by Daniel Alfredsson.
10:40 of 3rd period - Slapshot by Brian Rafalski.
10:40 of 3rd period - Deflect By Drew Miller.
10:40 of 3rd period - Shot Blocked by Johnny Boychuk.
10:40 of 3rd period - Puck is out of play.
10:41 of 3rd period - David Legwand wins face-off versus Tim Connolly in Sharks zone.
10:43 of 3rd period - Minor Penalty to David Legwand for Hooking.
10:44 of 3rd period - Tim Connolly wins face-off versus Dany Heatley in Sharks zone.
11:13 of 3rd period - Icing by Tyler Ennis.
11:14 of 3rd period - Tyler Ennis wins face-off versus Dany Heatley in Coyotes zone.
11:51 of 3rd period - Wrist shot by Frans Nielsen.
11:51 of 3rd period - Stopped by Tyler Weiman with a rebound.
11:53 of 3rd period - Slapshot by Denis Grebeshkov.
11:53 of 3rd period - Stopped by Tyler Weiman with a rebound.
11:55 of 3rd period - Slapshot by Anton Stralman.
11:55 of 3rd period - Stopped by Tyler Weiman without a rebound.
11:56 of 3rd period - Dany Heatley wins face-off versus Tim Connolly in Sharks zone.
12:43 of 3rd period - Penalty to David Legwand is over, David Legwand is back on ice.
12:47 of 3rd period - Curtis Glencross is hit by Frans Nielsen and loses puck.
12:58 of 3rd period - Markus Naslund is hit by Denis Grebeshkov and loses puck.
13:18 of 3rd period - Off-side.
13:19 of 3rd period - Brandon Yip wins face-off versus Tim Connolly in neutral zone.
13:28 of 3rd period - Snap shot by Kyle Wellwood.
13:28 of 3rd period - Shot Misses the Net.
13:36 of 3rd period - Snap shot by Frans Nielsen.
13:36 of 3rd period - Shot Blocked by Alex Pietrangelo.
13:38 of 3rd period - Wrist shot by Chris Stewart.
13:38 of 3rd period - Stopped by Tyler Weiman without a rebound.
13:39 of 3rd period - David Legwand wins face-off versus Frans Nielsen in Sharks zone.
13:48 of 3rd period - Wrist shot by Tyler Ennis.
13:48 of 3rd period - Deflect By Frans Nielsen.
13:48 of 3rd period - Shot Misses the Net.
13:48 of 3rd period - Puck is out of play.
13:49 of 3rd period - David Legwand wins face-off versus Tim Connolly in Sharks zone.
13:49 of 3rd period - David Legwand is hit by Drew Miller.
14:25 of 3rd period - Wrist shot by Chad Larose.
14:25 of 3rd period - Stopped by Tyler Weiman without a rebound.
14:26 of 3rd period - Antoine Vermette wins face-off versus Tim Connolly in Sharks zone.
14:53 of 3rd period - Alex Pietrangelo is hit by Tyler Ennis and loses puck.
15:08 of 3rd period - Minor Penalty to Anton Stralman for Hooking.
15:09 of 3rd period - David Legwand wins face-off versus Drew Miller in Coyotes zone.
15:26 of 3rd period - Snap shot by David Legwand.
15:26 of 3rd period - Stopped by Ryan Miller with a rebound.
17:08 of 3rd period - Penalty to Anton Stralman is over, Anton Stralman is back on ice.
17:27 of 3rd period - Alex Pietrangelo is hit by Chris Stewart and loses puck.
17:40 of 3rd period - Wrist shot by Sami Kapanen.
17:40 of 3rd period - Stopped by Tyler Weiman with a rebound.
17:46 of 3rd period - Snap shot by Sami Kapanen.
17:46 of 3rd period - Stopped by Tyler Weiman with a rebound.
17:48 of 3rd period - Snap shot by Erik Christensen.
17:48 of 3rd period - Stopped by Tyler Weiman without a rebound.
17:49 of 3rd period - Frans Nielsen wins face-off versus Antoine Vermette in Sharks zone.
17:58 of 3rd period - Slapshot by David Hale.
17:58 of 3rd period - Stopped by Ryan Miller without a rebound.
17:59 of 3rd period - Ted Purcell wins face-off versus Frans Nielsen in Coyotes zone.
18:00 of 3rd period - Slapshot by Antoine Vermette.
18:00 of 3rd period - Deflect By Markus Naslund.
18:00 of 3rd period - Stopped by Ryan Miller without a rebound.
18:01 of 3rd period - Kyle Wellwood wins face-off versus Chad Larose in Coyotes zone.
18:02 of 3rd period - Slapshot by Brandon Yip.
18:02 of 3rd period - Stopped by Ryan Miller with a rebound.
18:12 of 3rd period - Boyd Devereaux is hit by Brandon Yip and loses puck.
18:26 of 3rd period - Minor Penalty to Niklas Sundstrom for High sticking.
18:27 of 3rd period - Tim Connolly wins face-off versus Dany Heatley in Sharks zone.
19:04 of 3rd period - Icing by Denis Grebeshkov.
19:05 of 3rd period - Dany Heatley wins face-off versus Frans Nielsen in Coyotes zone.
19:10 of 3rd period - Slapshot by David Legwand.
19:10 of 3rd period - Stopped by Ryan Miller with a rebound.
19:28 of 3rd period - Snap shot by Frans Nielsen.
19:28 of 3rd period - Stopped by Tyler Weiman with a rebound.
19:30 of 3rd period - Wrist shot by Chris Stewart.
19:30 of 3rd period - Deflect By Tyler Ennis.
19:30 of 3rd period - Stopped by Tyler Weiman with a rebound.
19:32 of 3rd period - Slapshot by Frans Nielsen.
19:32 of 3rd period - Stopped by Tyler Weiman with a rebound.
19:34 of 3rd period - Slapshot by Chris Stewart.
19:34 of 3rd period - Stopped by Tyler Weiman with a rebound.
Goals for this period are 2 for Coyotes vs 0 for Sharks.
Shots for this period are 20 for Coyotes vs 9 for Sharks.
Output by the SimonT Hockey Simulator (STHS) for François Prévost -- Original Page W3C XHTML 1.0 Valid